 Dungeon Crawl Stone Soup version 0.19.5 (webtiles) character file.

133 equalderp2856 the Scratcher (level 4, 0/21 HPs)
             Began as a Felid Fighter on Mar 13, 2017.
             Slain by a hound (5 damage)
             ... on level 5 of the Dungeon.
             The game lasted 00:07:45 (3265 turns).

equalderp2856 the Scratcher (Felid Fighter)         Turns: 3265, Time: 00:07:46

Health: 0/21       AC:  1    Str: 13    XL:     4   Next: 94%
Magic:  5/5        EV: 21    Int:  9    God:
Gold:   138        SH:  0    Dex: 16    Spells: 0 memorised, 3 levels left
                                        Lives:  0   Deaths: 1

rFire  . . .     SeeInvis +       - Unarmed
rCold  . . .     Gourm    .     (armour unavailable)
rNeg   . . .     Faith    .     (shield unavailable)
rPois  .         Spirit   .     (helmet unavailable)
rElec  .         Reflect  .     (cloak unavailable)
rCorr  .         Harm     .     (gloves unavailable)
MR     .....                    (boots unavailable)
Stlth  +++.......               (no amulet)
                                (no ring)
                                (no ring)

@: quick
A: no armour, no weapons or thrown items, stealth, claws 1, fangs 3, see
invisible, carnivore 3, speed 1, shaggy fur 1, slow metabolism 1, sharp paws
a: no special abilities


You were on level 5 of the Dungeon.
You were not hungry.

You visited 1 branch of the dungeon, and saw 5 of its levels.

You collected 138 gold pieces.

Inventory:

Jewellery
 c - an uncursed amulet of harm
 j - an uncursed ring of protection from magic {unknown}
Wands
 f - a wand of iceblast (1/15)
Scrolls
 a - 2 scrolls of enchant weapon {unknown}
 d - 3 scrolls of identify {unknown}
 e - a scroll of enchant armour {unknown}
 g - 2 scrolls of remove curse {unknown}
 h - 2 scrolls of teleportation {unknown}
 i - a scroll of random uselessness {unknown}
 k - a scroll of noise {unknown}
 l - a scroll of fog {unknown}
Comestibles
 b - 2 meat rations


   Skills:
 + Level 3.3 Fighting
 + Level 5.5 Dodging
 + Level 2.6 Stealth
 + Level 5.9 Unarmed Combat


You had 3 spell levels left.
You didn't know any spells.

Dungeon Overview and Level Annotations

Branches:
Dungeon (5/15)
 Temple: D:4-7

Altars:
Uskayaw

Annotations:
D:3 equalderp2856's ghost, weakling FeFi


Innate Abilities, Weirdness & Mutations

You cannot wear armour.
You are incapable of wielding weapons or throwing items.
Your paws allow you to move quietly. (Stealth)
You have sharp claws.
You have razor-sharp teeth.
You have supernaturally acute eyesight. (SInv)
You are carnivorous and can eat meat at any time.
You cover ground quickly.
You are covered in fur. (AC +1)
You have a slow metabolism.
Your sharp claws are effective at attacking unaware monsters.


Message History

You now have 138 gold pieces (gained 10).
A leopard gecko comes into view.
A sky beast comes into view.
Found a scroll labeled YNOSOF KAST.
A hound comes into view.
The leopard gecko hisses angrily.
You closely miss the leopard gecko.
The hound barks!
The leopard gecko misses you.
You scratch the leopard gecko. Your bite misses the leopard gecko.
The leopard gecko is almost dead.
The leopard gecko barely misses you.
You claw the leopard gecko!
You kill the leopard gecko!
The hound misses you.
You miss the hound. The hound bites you.
* * * LOW HITPOINT WARNING * * *
The sky beast flickers out of sight for a moment.
The hound bites you.
You die...

...............#..###.#
#...#.....S....##....
#............##..#####
#.#.#......).......... ..
###...##..#<.####. #..
##Y..........# #..
#...##.#...### #.
###h..##....##
###.####.@..#####..##
............# ##..###
....#..##### #.#..##
.(.......#########.#...###
....##.#...........†......
... ...#########...#######
.....## #######..### #...
.........# ..# ..)......#


You could see a sky beast (invisible), a hound and an adder (wandering).

Vanquished Creatures
  2 orc priests
  An orc wizard (D:3)
  An iguana (D:5)
  3 adders
  3 worms (D:2)
  3 dart slugs
  2 leopard geckos
  9 orcs
  A ball python (D:2)
  6 bats
  2 giant cockroaches
  8 goblins
  7 hobgoblins
  5 jackals
  4 frilled lizards
  7 kobolds
  9 rats
73 creatures vanquished.

Vanquished Creatures (others)
  A kobold (D:1)
1 creature vanquished.

Grand Total: 74 creatures vanquished

Notes
Turn   | Place    | Note
-------+----------+-------------------------------------------
     0 | D:1      | equalderp2856 the Felid Fighter began the quest for the Orb.
     0 | D:1      | Reached XP level 1. HP: 10/10 MP: 2/2
   140 | D:1      | Reached XP level 2. HP: 10/14 MP: 3/3
   991 | D:1      | Reached XP level 3. HP: 15/17 MP: 4/4
  1142 | D:1      | Reached skill level 1 in Stealth
  1296 | D:2      | Found a hide-covered altar of Uskayaw.
  1297 | D:2      | Noticed a hand axe
  1298 | D:2      | Noticed a dagger
  1850 | D:2      | Reached skill level 5 in Unarmed Combat
  1850 | D:2      | Reached XP level 4. HP: 17/21 MP: 5/5
  2508 | D:2      | Reached skill level 5 in Dodging
  2739 | D:3      | Reached XP level 5. HP: 14/24 MP: 6/6
  3077 | D:3      | Noticed equalderp2856's ghost (weakling FeFi)
  3190 | D:5      | Entered Level 5 of the Dungeon
  3191 | D:5      | HP: 1/24 [adder (3)]
  3191 | D:5      | Mangled by an iguana
  3192 | D:5      | Reached XP level 4. HP: -9/21 MP: 5/5
  3251 | D:5      | Noticed a sky beast
  3265 | D:5      | Slain by a hound

Skill      XL: |  1  2  3  4  5 |
---------------+----------------+-----
Stealth        | 1 2 |  2.6
Unarmed Combat | 5 |  5.9
Dodging        | 5 |  5.5
Fighting       | |  3.3

Action                   |  1- 3 |  4- 6 || total
-------------------------+-------+-------++-------
Melee: Unarmed           |   141 |    88 ||   229
       Bite              |    10 |     4 ||    14
       Punch             |     2 |     1 ||     3
  Use: Potion            |     3 |     3 ||     6
 Stab: Sleeping          |     3 |     4 ||     7
  Eat: Chunk             |     8 |     3 ||    11
Armor: Skin              |    10 |     7 ||    17
Dodge: Dodged            |   151 |    69 ||   220
